 Dungeon Crawl Stone Soup version 0.32-a0-128-g77eb882913 (webtiles) character file.

Game seed: 339896495707680912

17696 Esekla the Covert (level 12, -16/82 HPs)
             Began as an Octopode Delver on Feb 7, 2024.
             Was an Initiate of Gozag.
             Demolished by a torpor snail (20 damage)
             ... in a Gauntlet on Feb 8, 2024.
             The game lasted 02:07:31 (13532 turns).

Esekla the Covert (Octopode Delver)                Turns: 13532, Time: 02:07:32

Health: -16/82     AC:  1    Str: 11    XL:     12   Next: 50%
Magic:  14/23      EV: 21    Int: 18    God:    Gozag
Gold:   104        SH:  0    Dex: 13    Spells: 19/26 levels left

rFire   + . .        g - +7 staff of the Meek {protect, meekguard}
rCold   + . .        (shield currently unavailable)
rNeg    + . .        (helmet restricted)
rPois   .            i - amulet of magic regeneration
rElec   .            j - ring of protection from fire
rCorr   +            k - +5 ring of evasion
SInv    +            u - ring of positive energy
Will    .....        H - ring of protection from cold
Stlth   ++++++       K - ring of resist corrosion
HPRegen 0.33/turn    L - ring of see invisible
MPRegen 0.58/turn    (no ring)
                     (no ring)

%: no teleportation
@: mighty, gold aura, slowed, very slow
A: almost no armour, amphibious, 8 rings, camouflage 1, gelatinous body 1,
(nimble swimmer 1), tentacles
a: Renounce Religion, Potion Petition, Call Merchant, Bribe Branch


You were in a Gauntlet.
You worshipped Gozag.
Gozag was aware of your devotion.
You visited 3 branches of the dungeon, and saw 14 of its levels.
You also visited: Gauntlet.

You collected 3674 gold pieces.
You spent 2174 gold pieces at shops.
You paid 1396 gold pieces to Gozag.

Inventory:

Hand Weapons
 a - the +6 Majin-Bo {spellvamp, MP+6 Int+6}
   (You bought it in a shop on level 8 of the Dungeon)

   Int+6:     It affects your intelligence (+6).
   MP+6:      It affects your magic capacity (+6).
 g - the +7 staff of the Meek (weapon) {protect, meekguard}
   (You found it on level 4 of the Dungeon)
 r - a +3 trident
 s - a +5 vampiric dagger
 v - a +0 dagger of venom
 J - a +2 falchion
Missiles
 d - 6 curare-tipped darts
 e - 7 boomerangs
 p - 15 poisoned darts (quivered)
Jewellery
 i - an amulet of magic regeneration (around mantle)
 j - a ring of protection from fire (left tentacle)
 k - a +5 ring of evasion (right tentacle)
 u - a ring of positive energy (on tentacle)
 H - a ring of protection from cold (on tentacle)
 K - a ring of resist corrosion (on tentacle)
 L - a ring of see invisible (on tentacle)
Wands
 f - a wand of digging (12)
 G - a wand of flame (7)
Scrolls
 b - 2 scrolls of fog
 c - a scroll of blinking
 o - a scroll of immolation {unknown}
 q - 3 scrolls of amnesia
 A - a scroll of butterflies
 B - a scroll of noise {unknown}
 C - a scroll of teleportation
 D - a scroll of enchant armour
 E - a scroll of silence
 F - a scroll of acquirement
 M - a scroll of enchant weapon {unknown}
Potions
 h - 6 potions of might
 l - 2 potions of resistance
 m - a potion of curing
 n - a potion of invisibility
 w - 3 potions of magic
 x - a potion of enlightenment
 y - 3 potions of mutation
 z - 2 potions of attraction
 I - a potion of berserk rage


   Skills:
 * Level 7.7 Fighting
 + Level 1.5(2.2) Short Blades
 + Level 2.2(2.5) Long Blades
 + Level 7.3 Staves
 + Level 3.8 Throwing
 * Level 7.5 Dodging
 + Level 11.0 Stealth
 * Level 7.7 Spellcasting
 * Level 7.0 Necromancy
 * Level 6.2 Fire Magic
 * Level 6.2 Alchemy


You had 19 spell levels left.
You knew the following spells:

 Your Spells              Type           Power      Damage    Failure   Level
d - Vampiric Draining     Necr           32%        2d8       1%          3
y - Sticky Flame          Fire/Alch      29%        2d7       8%          4

Your spell library contained the following spells:

 Spells                   Type           Power      Damage    Failure   Level
 Necrotise                Necr           100%       1d9       1%          1
 Inner Flame              Hex/Fire       18%        N/A       9%          3
 Lesser Beckoning         Tloc           12%        N/A       16%         2
 Curse of Agony           Necr           32%        N/A       16%         5
 Martyr's Knell           Necr/Summ      19%        N/A       24%         4
 Flame Wave               Conj/Fire      18%        2d7       28%         4
 Gell's Gravitas          Tloc           6%         N/A       30%         3
 Teleport Other           Tloc           6%         N/A       30%         3
 Fireball                 Conj/Fire      9%         3d6       61%         5
 Cause Fear               Hex            3%         N/A       69%         4
 Manifold Assault         Tloc           6%         N/A       69%         4
 Dispersal                Tloc           3%         N/A       100%        6
 Disjunction              Tloc           3%         N/A       100%        8
 Dragon's Call            Summ           3%         N/A       100%        9


Dungeon Overview and Level Annotations

Branches:
Dungeon (11/15)            Temple (1/1) D:5            Lair (0/5) D:11
    Orc (2/2) D:9             Elf (0/3) Orc:2       Gauntlet (1/1)

Altars:
Ashenzari
Cheibriados
Dithmenos
Elyvilon
Fedhas
Gozag
Hepliaklqana
Kikubaaqudgha
Makhleb
Nemelex Xobeh
Okawaru
Qazlal
Ru
Sif Muna
Trog
Uskayaw
Vehumet
Wu Jian
Xom
Yredelemnul
Zin
The Shining One

Shops:
D:8 *(?   D:9 *   Orc:2 =(((

Annotations:
D:6 2 runed translucent doors Gauntlet 9 transporters, exclusion: oklob plant


Innate Abilities, Weirdness & Mutations

You cannot wear most types of armour.
You are amphibious.
You can wear up to eight rings at the same time.
Your skin changes colour to match your surroundings (Stealth+).
Your rubbery body absorbs attacks. (AC +1, EV +1)
((You are camouflaged when in or above water. (Stealth+)))
You have tentacles for arms and can constrict up to eight enemies at once.


Message History

The spectral death yak is distracted by your dazzling golden aura.
The wolf howls!
You sock the wolf!
Your weapon exudes an aura of protection.
You kill the wolf!
The wolf bites you but does no damage. The wolf completely misses you.
The wolf closely misses you. x2; The wolf completely misses you. x2
The wolf bites you.
* * * LOW HITPOINT WARNING * * *
The wolf barely misses you.
The wolf is distracted by your dazzling golden aura.
The wolf howls!
Casting: Vampiric Draining (safe; 1% risk of failure)
Confirm with . or Enter, or press ? or * to list all spells.
Aiming: Vampiric Draining (safe; 1% risk of failure)
Press: ? - help, Shift-Dir - straight line, f - torpor snail
Aim: a torpor snail You draw life force from the torpor snail!
You feel life coursing into your body. The wolf misses you.
The wolf bites you but does no damage.
The wolf is distracted by your dazzling golden aura.
The wolf misses you. The torpor snail completely misses you.
Casting: Vampiric Draining (safe; 1% risk of failure)
Confirm with . or Enter, or press ? or * to list all spells.
Aiming: Sticky Flame (dangerous; 8% risk of failure)
Press: ? - help, Shift-Dir - straight line, f/p - torpor snail
Aim: a torpor snail (lightly wounded)
The sticky flame hits the torpor snail.
The torpor snail is lightly wounded.
The wolf howls!
The wolf is no longer distracted by gold. x2
The torpor snail burns!
The wolf completely misses you. The wolf bites you!
* * * LOW HITPOINT WARNING * * *
The wolf barely misses you. The wolf bites you.
* * * LOW HITPOINT WARNING * * *
The wolf bites you!
* * * LOW HITPOINT WARNING * * *
The wolf closely misses you. The torpor snail bites you!!
You die...
Your body crumbles into a pile of gold.

............§......§.............
######..###########..###########.
..##.#..#.........#..#).:.....^#.
#....#..#.........#..#W######^.#.
#.##.#..#..#...#..#..###....##.#.
..##)####.........#####W####W#.#.
#...©#©§#....©...©#©©#.##.©.##W#.
#.##.####......whh####.#.####.##.
.###.#..#..#...#@h#..#.##....###.
#....#..#......$..#..#.^######©#.
#.##.#..#.........#..#^.......##.
######..###########..###########.
.................................
................................∩
.#########..#########..#########.
.##.##..##..#B##Z...#..#.....x.#.
.#.#..##D#..#..##..##..#.#.###[#.


You could see a torpor snail (burning), a spectral death yak, a death scarab, 2
shadows and 3 wolves.

Vanquished Creatures
  An orc warlord (D:9)
  Josephine (D:11)
  Erolcha (Orc:1)
  2 two-headed ogres (D:9)
  Nergalle (D:11)
  Lodul (D:10)
  An orc sorcerer (D:9)
  A cyclops (Orc:2)
  5 kobold blastminers (Orc:2)
  Jeremiah (D:8)
  2 kobold demonologists (D:9)
  3 trolls
  A hornet (D:10)
  A vampire (D:11)
  3 wraiths
  8 yaks
  3 wyverns
  A warg (D:9)
  An acid dragon (D:9)
  3 water moccasins (D:9)
  3 swamp worms (Gauntlet)
  A black bear (D:5)
  2 ice beasts (D:11)
  2 sky beasts
  18 orc warriors
  3 wolves (Gauntlet)
  16 ogres
  A centaur (D:9)
  2 kobold brigands
  4 bullfrogs
  3 scorpions
  2 gnoll sergeants (D:9)
  9 wights
  4 howler monkeys
  4 bombardier beetles
  4 hounds
  6 orc priests
  3 jellies
  3 iguanas
  13 orc wizards
  7 adders
  6 gnolls
  A shadow imp (D:6)
  3 white imps
  2 ufetubi (D:7)
  A dart slug (D:4)
  A ribbon worm (D:5)
  46 orcs
  4 ball pythons
  2 bats
  9 endoplasms
  3 giant cockroaches
  4 goblins
  7 hobgoblins
  A jackal (D:4)
  12 kobolds
  5 quokkas
  5 frilled lizards
  3 rats
266 creatures vanquished.

Vanquished Creatures (others)
  An orc (Orc:1)
  A kobold (D:8)
2 creatures vanquished.

Grand Total: 268 creatures vanquished

Notes
Turn   | Place    | Note
-------+----------+-------------------------------------------
     0 | D:5      | Esekla the Octopode Delver began the quest for the Orb.
     0 | D:5      | Reached XP level 1. HP: 16/16 MP: 1/1
    99 | D:5      | Noticed a black bear
   131 | D:5      | Found a staircase to the Ecumenical Temple.
   140 | Temple   | Entered the Ecumenical Temple
   148 | Temple   | Became a worshipper of Gozag Ym Sagoz the Greedy
   159 | D:5      | Noticed an iguana
   165 | D:5      | Noticed a hound
   183 | D:5      | Noticed an orc wizard
   198 | D:5      | Killed a hound
   199 | D:5      | Reached skill level 7 in Stealth
   199 | D:5      | Reached XP level 2. HP: 20/21 MP: 2/2
   199 | D:5      | Reached XP level 3. HP: 25/26 MP: 3/3
   311 | D:4      | Found the +7 staff of the Meek {protect, meekguard}
   368 | D:4      | Noticed a scorpion
   391 | D:4      | Killed a scorpion
   392 | D:4      | Reached skill level 8 in Stealth
   392 | D:4      | Reached XP level 4. HP: 31/31 MP: 3/5
   444 | D:4      | Found an iron altar of Okawaru.
   486 | D:4      | Noticed a scorpion
   616 | D:4      | Found a basalt altar of Yredelemnul.
   697 | D:3      | Reached skill level 1 in Spellcasting
   697 | D:3      | Reached XP level 5. HP: 36/36 MP: 6/6
   753 | D:3      | Found a sacrificial altar of Ru.
  1082 | D:2      | Found an ornate altar of the Wu Jian Council.
  1887 | D:2      | Reached skill level 1 in Staves
  1893 | D:2      | Learned a level 3 spell: Vampiric Draining
  2284 | D:3      | Reached XP level 6. HP: 43/43 MP: 7/7
  2291 | D:3      | Reached skill level 9 in Stealth
  3085 | D:4      | Reached skill level 1 in Necromancy
  3456 | D:5      | Killed a black bear
  3457 | D:5      | Reached XP level 7. HP: 45/48 MP: 8/10
  4197 | D:6      | Found a runed translucent door.
  4212 | D:6      | Found a runed translucent door.
  4299 | D:6      | Reached XP level 8. HP: 54/54 MP: 12/12
  4553 | D:7      | Noticed a wyvern
  4558 | D:7      | Killed a wyvern
  4559 | D:7      | Reached skill level 10 in Stealth
  4626 | D:7      | Found a sparkling altar of Nemelex Xobeh.
  4743 | D:7      | Reached skill level 1 in Short Blades
  4882 | D:7      | Learned a level 4 spell: Sticky Flame
  4982 | D:7      | Reached skill level 5 in Fighting
  5065 | D:7      | Reached skill level 1 in Fire Magic
  5488 | D:8      | Reached XP level 9. HP: 53/61 MP: 14/14
  5492 | D:8      | Noticed Jeremiah
  5673 | D:8      | Found Mefoibb's Magic Scroll Boutique.
  5979 | D:8      | Reached skill level 1 in Alchemy
  6251 | D:8      | Killed Jeremiah
  6252 | D:8      | Reached skill level 5 in Staves
  6252 | D:8      | Reached skill level 1 in Throwing
  6346 | D:8      | Reached skill level 5 in Dodging
  6435 | D:9      | Noticed a kobold demonologist
  6435 | D:9      | Noticed a kobold demonologist
  6445 | D:9      | Killed a kobold demonologist
  6450 | D:9      | Killed a kobold demonologist
  6451 | D:9      | Reached XP level 10. HP: 57/68 MP: 10/16
  6509 | D:9      | Found Quolefei's General Store.
  6525 | D:9      | Noticed a two-headed ogre
  6723 | D:9      | Found a staircase to the Orcish Mines.
  6859 | D:9      | Noticed a two-headed ogre
  7201 | D:9      | Killed a two-headed ogre
  7202 | D:9      | Reached skill level 5 in Spellcasting
  7386 | D:9      | Killed a two-headed ogre
  7387 | D:9      | Reached skill level 5 in Necromancy
  7763 | Orc:1    | Entered Level 1 of the Orcish Mines
  7925 | Orc:1    | Noticed an orc warlord
  8006 | D:9      | Reached XP level 11. HP: 53/74 MP: 19/19
  8066 | D:9      | Killed an orc warlord
  8252 | D:9      | Bought a scroll of teleportation for 30 gold pieces
  8252 | D:9      | Bought a scroll of teleportation for 30 gold pieces
  8252 | D:9      | Bought a scroll of blinking for 75 gold pieces
  8468 | Orc:1    | Noticed an orc sorcerer
  8478 | D:9      | Killed an orc sorcerer
  8623 | Orc:1    | Noticed Erolcha
  8652 | Orc:1    | Killed Erolcha
  8653 | Orc:1    | Reached skill level 5 in Alchemy
  8789 | Orc:1    | HP: 3/74 [orc warrior/+0 dire flail (11)]
  9037 | Orc:2    | Entered Level 2 of the Orcish Mines
  9037 | Orc:2    | Found Uthro's Jewellery Shoppe.
  9148 | Orc:2    | Found Ogurr's Weapon Shop.
  9158 | Orc:2    | Noticed an orc warlord
  9250 | Orc:2    | Found a staircase to the Elven Halls.
  9298 | Orc:2    | Found Uraapseh's Weapon Emporium.
  9630 | D:8      | Bought a dark potion for 27 gold pieces
  9655 | D:8      | Bought a scroll of identify for 26 gold pieces
  9655 | D:8      | Bought a scroll of identify for 26 gold pieces
  9834 | Orc:2    | Bought an amulet of magic regeneration for 360 gold pieces
  9983 | Orc:2    | Reached skill level 5 in Fire Magic
 10124 | Orc:2    | Found Cyxtat's Antique Weapon Shoppe.
 10203 | Orc:2    | HP: 2/75 [kobold blastminer (11)]
 10546 | D:10     | Entered Level 10 of the Dungeon
 11346 | D:10     | Reached XP level 12. HP: 77/77 MP: 22/22
 11378 | D:10     | Noticed Lodul
 11792 | D:10     | Killed Lodul
 12621 | D:8      | Bought the +6 Majin-Bo {spellvamp, MP+6 Int+6} for 1600
                  | gold pieces
 12621 | D:8      | Found the +6 Majin-Bo {spellvamp, MP+6 Int+6}
 12687 | D:11     | Noticed Nergalle
 12699 | D:11     | Killed Nergalle
 12989 | D:11     | Noticed Josephine
 13074 | D:11     | Killed Josephine
 13148 | D:11     | Found a gate leading to a gauntlet.
 13157 | Gauntlet | Entered a Gauntlet
 13157 | Gauntlet | Found a transporter.
 13157 | Gauntlet | Found a transporter.
 13159 | Gauntlet | Found a transporter.
 13181 | Gauntlet | Found a transporter.
 13218 | Gauntlet | Found a transporter.
 13221 | Gauntlet | Found a transporter.
 13228 | Gauntlet | Noticed a death scarab
 13229 | Gauntlet | Identified a scroll of acquirement
 13241 | Gauntlet | Found a transporter.
 13243 | Gauntlet | Found a transporter.
 13244 | Gauntlet | Found a transporter.
 13246 | Gauntlet | Found a transporter.
 13248 | Gauntlet | Noticed a thrashing horror
 13250 | Gauntlet | Noticed a thrashing horror
 13260 | Gauntlet | Found a transporter.
 13265 | Gauntlet | Found a transporter.
 13524 | Gauntlet | Reached skill level 11 in Stealth
 13532 | Gauntlet | HP: 4/82 [wolf (7)]
 13532 | Gauntlet | Demolished by a torpor snail

Illustrated notes

Levels and vault maps discovered:
D:1:      onia_arrival_mini_spirals, layout_loops_ring
D:2:      layout_rooms, basic_altar, dk_noncrumbling_2
D:3:      layout_basic, nicolae_ru_sacrificial_ziggurat, serial_glass,
          glass_columns_c, glass_columns_c
D:4:      layout_loops_ring, mainiacjoe_overflow_tiny_flanked,
          mainiacjoe_overflow_surrounded_room, minmay_crossroads
D:5:      layout_basic, temple_pool_b
D:6:      lemuel_insect_pit, layout_basic, minmay_misc_feat_five,
          grunt_ministairs_14, st_stairs_12, abandoned_shop
D:7:      layout_loops_ring, lemuel_round_altar, chequers_avenue,
          hangedman_decor_growths
D:8:      layout_basic, serial_shops, shop_fountains, grunt_ministairs_11,
          uniq_jeremiah
D:9:      layout_gridville, kennysheep_orc_monster_closet_entryway,
          serial_shops, nicolae_stop_n_shop_1, minmay_fractal_squares_5
D:10:     layout_cave_pods, uniq_lodul
D:11:     layout_irregular_city, hellmonk_lair_entry_icy,
          gauntlet_entry_generic, ashenzari_conservatory_becter, uniq_nergalle,
          uniq_josephine
Temple:   eino_narrow_crystal_temple
Orc:1:    layout_diamond_mine, uniq_erolcha
Orc:2:    grunt_orc_community_town_hall, layout_caves,
          grunt_orc_community_big_house_1, grunt_orc_community_big_house_2,
          grunt_orc_community_house_2, grunt_orc_community_house_2,
          grunt_orc_community_house_2, grunt_orc_community_house_3,
          serial_shops, shop, nicolae_shop_bloodbath_and_beyond, shop_fountains,
          shop
Gauntlet: minmay_gauntlet_mixed_big_or_small [gammafunk_gauntlet_arena_crates,
          minmay_gauntlet_arena_77_mess, gammafunk_gauntlet_arena_hedges,
          minmay_gauntlet_arena_77_fan, gammafunk_gauntlet_arena_spirals,
          minmay_gauntlet_arena_77_block_sizes, gauntlet_exit_hidden_loot]

Skill      XL: |  1  2  3  4  5  6  7  8  9 10 11 12 |
---------------+-------------------------------------+-----
Stealth        | 7 8 9 10 11 | 11.0
Spellcasting   | 1 2 3 4 5 6 7 |  7.7
Staves         | 1 2 3 4 5 6 7 |  7.3
Necromancy     | 1 2 3 4 5 6 7 |  7.0
Dodging        | 3 4 5 6 7 |  7.5
Fighting       | 4 5 6 7 |  7.7
Short Blades   | 1 |  1.5
Fire Magic     | 1 2 4 5 6 |  6.2
Alchemy        | 2 4 5 6 |  6.2
Throwing       | 1 2 3 |  3.8
Long Blades    | |  2.2

Action                     |  1- 3 |  4- 6 |  7- 9 | 10-12 || total
---------------------------+-------+-------+-------+-------++-------
  Melee: Falchion          |     6 |       |       |     1 ||     7
         Constrict         |     4 |    14 |    24 |    63 ||   105
         Tentacles         |     3 |    13 |    30 |    86 ||   132
         Quarterstaff      |     4 |    90 |   127 |   280 ||   501
         Punch             |     1 |     4 |    11 |    34 ||    50
         Dagger            |       |    23 |    10 |     8 ||    41
         Bo                |       |       |       |     9 ||     9
  Throw: Dart              |       |     5 |     9 |    65 ||    79
         Boomerang         |       |       |       |    15 ||    15
   Cast: Vampiric Draining |       |       |     4 |    46 ||    50
         Sticky Flame      |       |       |       |    42 ||    42
 Invoke: Call Merchant     |       |       |       |     2 ||     2
    Use: Scroll            |     1 |       |     9 |    13 ||    23
         Potion            |       |       |       |     7 ||     7
   Stab: Sleeping          |       |    31 |     8 |     6 ||    45
         Distracted        |       |       |     2 |     5 ||     7
 Armour: Skin              |     8 |    26 |    62 |   185 ||   281
  Dodge: Dodged            |     4 |    63 |   116 |   380 ||   563

Table legend: (Time is in decaauts)
 A = Elapsed time spent in this place.
 B = Non-inter-level travel time spent in this place.
 C = Inter-level travel time spent in this place.
 D = Time resting spent in this place.
 E = Time spent auto-exploring this place.
 F = Levels seen in this place.
 G = Mean time per level.
                   A        B        C        D        E       F      G
               +--------+--------+--------+--------+--------+-----+--------+
         Total |  13546 |  13002 |    544 |   1972 |   3237 |  15 |  903.1 |
       Dungeon |  10798 |  10334 |    464 |   1175 |   3063 |  11 |  981.6 |
        Temple |     55 |     55 |      0 |     36 |      0 |   1 |   55.0 |
  Orcish Mines |   2311 |   2232 |     79 |    704 |    174 |   2 | 1155.5 |
      Gauntlet |    380 |    380 |      0 |     57 |      0 |   1 |  380.0 |
               +--------+--------+--------+--------+--------+-----+--------+

Top non-repeatable levels by time:
     D:9: 2715 daAuts
   Orc:2: 1552 daAuts
    D:10: 1083 daAuts
     D:8: 1069 daAuts
     D:7: 1020 daAuts
     D:3: 927 daAuts
     D:6: 826 daAuts
   Orc:1: 759 daAuts
     D:4: 735 daAuts
     D:1: 725 daAuts
     D:5: 642 daAuts
     D:2: 609 daAuts
    D:11: 442 daAuts
Gauntlet: 380 daAuts
  Temple: 55 daAuts
